 Dungeon Crawl Stone Soup version 0.26-a0-690-gcb57259078 (webtiles) character file.

Game seed: 2775652392278667947

494 Murumi the Conjurer (level 7, -1/70 HPs)
             Began as an Ogre Conjurer on Oct 24, 2020.
             Slain by an adder skeleton (4 damage)
             ... on level 4 of the Dungeon.
             The game lasted 00:16:46 (3869 turns).

Murumi the Conjurer (Ogre Conjurer)                 Turns: 3869, Time: 00:16:47

Health: -1/70      AC:  4    Str: 13 (14) XL:     7   Next: 15%
Magic:  1/11       EV: 10    Int: 18 (19) God:
Gold:   166        SH:  0    Dex:  7      Spells: 9/12 levels left

rFire    . . .     SeeInvis .   j - +0 flail
rCold    + . .     Faith    .   (no shield)
rNeg     . . .     Spirit   .   a - +1 robe
rPois    .         Reflect  .   (helmet restricted)
rElec    .         Harm     .   (no cloak)
rCorr    .         Rampage  .   (gloves unavailable)
MR       .....                  (boots unavailable)
Stlth    ++........             (no amulet)
HPRegen  0.21/turn              c - ring of protection from cold
MPRegen  0.12/turn              (no ring)

@: lethally poisoned (-1 -> -9)
A: large, unfitting armour, tough skin 1
a: no special abilities


You were on level 4 of the Dungeon.
You visited 1 branch of the dungeon, and saw 4 of its levels.

You collected 166 gold pieces.

Inventory:

Hand Weapons
 g - a +1 morningstar
 j - a +0 flail (weapon)
Missiles
 d - 95 stones (quivered)
Armour
 a - a +1 robe (worn)
Jewellery
 c - a ring of protection from cold (left hand)
 i - an uncursed ring of ice
Wands
 k - a wand of flame (15)
Scrolls
 h - 2 scrolls of remove curse
 l - a scroll of blinking
Potions
 b - 2 potions of flight
 f - a potion of degeneration


   Skills:
 - Level 4.0 Fighting
 + Level 3.2 Maces & Flails
 - Level 4.0 Throwing
 - Level 2.0 Dodging
 - Level 2.0 Stealth
 - Level 3.0 Spellcasting
 - Level 4.0 Conjurations


You had 9 spell levels left.
You knew the following spells:

 Your Spells              Type           Power        Failure   Level
a - Magic Dart            Conj           ###.         3%          1
b - Searing Ray           Conj           ###...       4%          2

Your spell library contained the following spells:

 Spells                   Type           Power        Failure   Level
 Dazzling Flash           Conj/Hex       #.....       22%         3
 Fulminant Prism          Conj/Hex       #.........   56%         4
 Iskenderun's Mystic Bla  Conj/Tloc      #.......     56%         4


Dungeon Overview and Level Annotations

Branches:
Dungeon (4/15)
 Temple: D:4-7

Altars:
Gozag
Uskayaw


Innate Abilities, Weirdness & Mutations

You are too large for most types of armour.
You have tough skin. (AC +1)


Message History

The killer bee poisons you!
Okay, then.
Casting: Searing Ray (safe; 4% risk of failure)
Confirm with . or Enter, or press ? or * to list all spells.
Aiming: Magic Dart (safe; 3% risk of failure)
Press: ? - help, Shift-Dir - straight line, f - killer bee
Aim: a killer bee (almost dead)
The magic dart hits the killer bee.
You kill the killer bee!
You feel your dexterity returning.
Training target 4.0 for Fighting reached!
Your Fighting skill increases to level 4!
You need to enable at least one skill for training.
* * * LOW HITPOINT WARNING * * *
You feel sick.
Okay, then.
You closely miss the adder skeleton.
* * * LOW HITPOINT WARNING * * *
You feel sick. The adder skeleton bites you.
You die...

#.# #.#
#<# #.#
#.# #.#
#.#
#y####
..# #....
### ###
#..#
##.###..#
#.#Z†...#
##@####.#
#.# .#
#.# .#
#.# .#
#.# .#
#.# .#
#.# #.#
#[#


You could see an adder skeleton.

Vanquished Creatures
  4 killer bees (D:4)
  4 orc priests (D:3)
  An orc wizard (D:4)
  3 gnolls (D:3)
  5 adders
  4 oozes
  2 dart slugs
  2 leopard geckos
  9 orcs
  10 bats
  2 giant cockroaches
  6 goblins
  3 hobgoblins
  3 jackals
  2 kobolds
  2 quokkas (D:2)
  A ball python skeleton (D:4)
  3 frilled lizards
  7 rats
73 creatures vanquished.

Notes
Turn   | Place    | Note
-------+----------+-------------------------------------------
     0 | D:1      | Murumi the Ogre Conjurer began the quest for the Orb.
     0 | D:1      | Reached XP level 1. HP: 16/16 MP: 3/3
   305 | D:1      | Reached XP level 2. HP: 24/24 MP: 3/6
   309 | D:1      | Learned a level 2 spell: Searing Ray
   902 | D:1      | Reached XP level 3. HP: 31/31 MP: 4/7
  1264 | D:2      | Found a hide-covered altar of Uskayaw.
  1266 | D:2      | Noticed a +0 hand axe
  1266 | D:2      | Noticed a -1 dagger
  1607 | D:2      | Reached skill level 1 in Throwing
  1607 | D:2      | Reached skill level 1 in Fighting
  1813 | D:3      | Reached skill level 1 in Maces & Flails
  1813 | D:3      | Reached XP level 4. HP: 36/41 MP: 4/8
  2131 | D:3      | Reached XP level 5. HP: 45/49 MP: 1/9
  2352 | D:3      | Reached XP level 6. HP: 59/61 MP: 5/10
  3152 | D:3      | Found an opulent altar of Gozag.
  3860 | D:4      | Reached XP level 7. HP: 13/68 MP: 2/11
  3869 | D:4      | HP: 3/70 [poisoned by a killer bee]
  3869 | D:4      | Slain by an adder skeleton

Illustrated notes

Levels and vault maps discovered:
D:1:      eino_arrival_tree_alley, layout_loops_corners
D:2:      layout_rooms, dancing_weapons_uskayaw, minmay_tetromino_l2
D:3:      layout_rooms, grunt_gozag_statues
D:4:      layout_loops_ring, elyvilon_altar_4

Skill      XL: |  1  2  3  4  5  6  7 |
---------------+----------------------+-----
Spellcasting   | 3 |  3.0
Conjurations   | 4 |  4.0
Dodging        | 2 |  2.0
Stealth        | 2 |  2.0
Throwing       | 1 2 3 4 |  4.0
Fighting       | 1 2 3 4 |  4.0
Maces & Flails | 1 2 3 |  3.2

Action                   |  1- 3 |  4- 6 |  7- 9 || total
-------------------------+-------+-------+-------++-------
Melee: Flail             |       |    95 |     5 ||   100
Throw: Stone             |       |    58 |       ||    58
 Cast: Magic Dart        |    45 |    13 |     1 ||    59
       Searing Ray       |     4 |    10 |       ||    14
  Use: Scroll            |     7 |     3 |       ||    10
       Potion            |       |     4 |     2 ||     6
 Stab: Sleeping          |       |     1 |       ||     1
Armor: Robe              |     3 |    27 |     3 ||    33
       Skin              |       |    17 |       ||    17
Dodge: Dodged            |     5 |    48 |     4 ||    57

Table legend: (Time is in decaauts)
 A = Elapsed time spent in this place.
 B = Non-inter-level travel time spent in this place.
 C = Inter-level travel time spent in this place.
 D = Time resting spent in this place.
 E = Time spent auto-exploring this place.
 F = Levels seen in this place.
 G = Mean time per level.
                   A        B        C        D        E       F      G
               +--------+--------+--------+--------+--------+-----+--------+
         Total |   3893 |   3741 |    152 |    138 |   3129 |   4 |  973.2 |
       Dungeon |   3893 |   3741 |    152 |    138 |   3129 |   4 |  973.2 |
               +--------+--------+--------+--------+--------+-----+--------+

Top non-repeatable levels by time:
     D:3: 1277 daAuts
     D:1: 1202 daAuts
     D:2: 825 daAuts
     D:4: 589 daAuts
